 Dungeon Crawl Stone Soup version 0.31-a0-152-g6aa68a64a1 (webtiles) character file.

Game seed: 1855705239577835096

1169 qw the Skirmisher (level 8, -2/49 HPs)
             Began as a Gargoyle Hunter on June 10, 2023.
             Was a Follower of Okawaru.
             Slain by an iguana (9 damage)
             ... on level 6 of the Dungeon.
             The game lasted 00:01:56 (4106 turns).

qw the Skirmisher (Gargoyle Hunter)                 Turns: 4106, Time: 00:01:57

Health: -2/49      AC: 14    Str: 15    XL:     8   Next: 40%
Magic:  9/10       EV: 14    Int: 10    God:    Okawaru [*.....]
Gold:   256        SH:  0    Dex: 15    Spells: 7/7 levels left

rFire   . . .        Y - +0 longbow
rCold   . . .        (shield currently unavailable)
rNeg    + . .        g - +0 ring mail
rPois   inf          h - +0 helmet
rElec   +            e - +0 cloak
rCorr   .            (no gloves)
SInv    .            (no boots)
Will    .....        a - amulet of regeneration
Stlth   +++          (no ring)
HPRegen 1.08/turn    (no ring)
MPRegen 0.12/turn

%: no passive effects
@: heroic
A: sickness immunity, AC +5, negative energy resistance 1, electricity
resistance, torment resistance 1, petrification resistance
a: Renounce Religion, Heroism


You were on level 6 of the Dungeon.
You worshipped Okawaru.
Okawaru was aware of your devotion.
You visited 1 branch of the dungeon, and saw 6 of its levels.

You collected 256 gold pieces.


Innate Abilities, Weirdness & Mutations

You are immune to sickness and miasma.
Your stone body is resilient. (AC +5)
You are immune to poison.
You resist negative energy. (rN+)
You are resistant to electric shocks. (rElec)
You are resistant to unholy torment.
You are immune to petrification.


   Skills:
 - Level 5.0(10.0) Fighting
 + Level 8.4(13.4) Ranged Weapons
 - Level 2.4(7.4) Armour
 - Level 2.0(7.0) Dodging
 - Level 1.1(6.1) Stealth
 + Level 3.8 Invocations


You had 7 spell levels left.
You didn't know any spells.
Your spell library was empty.

Inventory:

Hand Weapons
 Y - a +0 longbow (weapon)
Armour
 e - a +0 cloak (worn)
 g - a +0 ring mail (worn)
 h - a +0 helmet (worn)
Jewellery
 a - an amulet of regeneration (around neck)
Scrolls
 d - 4 scrolls of identify
Potions
 b - 2 potions of attraction
 f - a potion of mutation
 i - a potion of haste
 j - a potion of curing

Dungeon Overview and Level Annotations

Branches:
Dungeon (6/15)
 Temple: D:4-7

Altars:
Ashenzari
Cheibriados
Dithmenos
Okawaru
Qazlal
Xom
Yredelemnul
Zin

Shops:
D:2 [


Message History

You shoot an arrow. The arrow hits the wight.
The wight is heavily damaged.
The wight barely misses you. The wight misses you.
You shoot an arrow. The arrow hits the wight.
The wight is almost destroyed.
The wight closely misses you. x2
You shoot an arrow. The arrow closely misses the wight.
The wight hits you with a +3 flail. The wight hits you but does no damage.
You shoot an arrow. The arrow hits the wight!
You destroy the wight!
Okawaru accepts your kill. The wight closely misses you.
You shoot an arrow. The arrow hits the wight!
The wight is heavily damaged.
The wight barely misses you. The iguana closely misses you.
You shoot an arrow.
The arrow hits the wight but does no damage.
The wight is heavily damaged.
The wight hits you but does no damage. The iguana barely misses you.
The iguana misses you. The wight barely misses you.
The wight completely misses you.
You shoot an arrow. The arrow closely misses the wight.
The wight hits you with a +3 flail. The wight completely misses you.
The iguana bites you but does no damage.
You shoot an arrow. The arrow hits the wight!
You destroy the wight!
Okawaru accepts your kill. The wight barely misses you.
The iguana closely misses you.
You shoot an arrow. The arrow hits the iguana.
The iguana is heavily wounded.
The wight closely misses you.
The iguana bites you but does no damage.
You shoot an arrow.
The arrow hits the iguana but does no damage.
The iguana is heavily wounded.
The wight barely misses you. The iguana closely misses you.
You shoot an arrow. The arrow barely misses the iguana.
The wight hits you from afar with a +0 halberd!
The iguana bites you!
You die...

#######
#.....#
#...[.#
#...<.#
#....l#
####@#%zzlo..
#)#.###z5.
..z.# .....#
......#
.......#
.........
######.#.##


You could see an iguana and a wight.

Vanquished Creatures
  A water moccasin (D:5)
  A phantom (D:6)
  A bullfrog (D:6)
  A scorpion (D:4)
  2 wights (D:6)
  2 howler monkeys (D:5)
  4 crimson imps (D:3)
  3 hounds (D:5)
  An orc priest (D:5)
  A sleepcap (D:5)
  An iguana (D:4)
  5 orc wizards
  7 gnolls (D:5)
  8 adders
  A white imp (D:5)
  3 worms (D:2)
  23 orcs
  6 ball pythons
  3 endoplasms
  3 giant cockroaches
  2 goblins
  8 hobgoblins
  4 jackals (D:1)
  5 quokkas
  4 bats (D:2)
  2 frilled lizards (D:1)
  5 kobolds
  4 rats
111 creatures vanquished.

Notes
Turn   | Place    | Note
-------+----------+-------------------------------------------
     0 | D:1      | qw the Gargoyle Hunter began the quest for the Orb.
     0 | D:1      | Reached XP level 1. HP: 12/12 MP: 1/1
     0 | D:1      | 0 ||| qw: Version: 0.2-a-123-gb51047a
     0 | D:1      | 0 ||| qw: Game counter: 3807
     0 | D:1      | 0 ||| qw: Always use a shield: true
     0 | D:1      | 0 ||| qw: God list: Okawaru
     0 | D:1      | 0 ||| qw: Allow faded altars: false
     0 | D:1      | 0 ||| qw: Do Orc after D:15 true
     0 | D:1      | 0 ||| qw: Do second Lair branch before Depths: true
     0 | D:1      | 0 ||| qw: Lair rune preference: random
     0 | D:1      | 0 ||| qw: Plans: Normal, Zot:1-4, Slime:5, God:TSO, Crypt,
                  | Tomb, Abyss, Pan, Hells, Win
     0 | D:1      | 0 ||| PLANNING D:1-11
   229 | D:1      | Found a faded altar of an unknown god.
   251 | D:1      | Reached XP level 2. HP: 17/17 MP: 2/2
   326 | D:1      | 326 ||| FLEEEEING.
   327 | D:1      | 327 ||| FLEEEEING.
   328 | D:1      | 328 ||| FLEEEEING.
   329 | D:1      | 329 ||| FLEEEEING.
   330 | D:1      | 330 ||| FLEEEEING.
   331 | D:1      | 331 ||| FLEEEEING.
   332 | D:1      | 332 ||| FLEEEEING.
   333 | D:1      | 333 ||| FLEEEEING.
   334 | D:1      | 334 ||| FLEEEEING.
   532 | D:1      | 532 ||| UPGRADING to +0 ring mail.
   542 | D:1      | 542 ||| DROPPING +0 leather armour.
   543 | D:1      | 543 ||| UPGRADING to amulet of the acrobat.
   548 | D:1      | 548 ||| READING scroll labelled SYUSIHIXUV.
   549 | D:1      | 549 ||| READING 2 scrolls labelled DEODIRRAJU.
   550 | D:1      | 550 ||| READING scroll labelled UXELEO UPHANT.
   551 | D:1      | 551 ||| DRINKING 2 clear potions.
   559 | D:1      | 559 ||| DRINKING 2 yellow potions.
   560 | D:1      | 560 ||| DROPPING scroll of butterflies.
   561 | D:1      | 561 ||| DROPPING scroll of vulnerability.
   562 | D:1      | 562 ||| DROPPING potion of ambrosia.
   639 | D:2      | Reached skill level 1 in Armour
   639 | D:2      | Reached XP level 3. HP: 21/21 MP: 3/3
   997 | D:2      | Reached skill level 5 in Ranged Weapons
  1077 | D:2      | Found Meiclulest's Antique Armour Emporium.
  1082 | D:2      | Reached XP level 4. HP: 27/27 MP: 4/4
  1087 | D:2      | 1087 ||| SHOPLISTING glowing ring mail (182 gold, have 78).
  1265 | D:2      | Identified the +3 short sword of Fate {flame, rN+++ Will+
                  | Int-4 SInv}
  1389 | D:2      | 1389 ||| DROPPING amulet of magic regeneration.
  1390 | D:2      | 1390 ||| READING scroll labelled BAIVOADIUNE.
  1393 | D:2      | 1393 ||| READING 6 scrolls labelled NIEK MINOIRYL.
  1394 | D:2      | 1394 ||| READING scroll labelled QIWNOO VIPPETU.
  1395 | D:2      | 1395 ||| READING 3 scrolls labelled XOGGEQ WOTHRIOD.
  1396 | D:2      | 1396 ||| READING 2 scrolls of enchant weapon.
  1396 | D:2      | 1396 ||| ENCHANTING +1 shortbow.
  1397 | D:2      | 1397 ||| READING scroll of enchant weapon.
  1397 | D:2      | 1397 ||| ENCHANTING +2 shortbow.
  1398 | D:2      | 1398 ||| DROPPING 5 scrolls of fear.
  1434 | D:3      | 1434 ||| STAIRDANCE
  1542 | D:3      | Reached skill level 3 in Fighting
  1733 | D:3      | Found a shimmering altar of Xom.
  1770 | D:3      | Reached XP level 5. HP: 32/32 MP: 5/5
  1774 | D:3      | Reached skill level 6 in Ranged Weapons
  1818 | D:3      | Reached XP level 6. HP: 38/38 MP: 6/6
  1951 | D:3      | 1951 ||| FLEEEEING.
  2050 | D:3      | 2050 ||| SWAPPING to +0 longbow.
  2053 | D:3      | 2053 ||| DROPPING +3 shortbow.
  2074 | D:3      | Found an iron altar of Okawaru.
  2075 | D:3      | 2075 ||| PLANNING OKAWARU WORSHIP
  2075 | D:3      | 2075 ||| UPGRADING to +0 cloak.
  2080 | D:3      | 2080 ||| UPGRADING to amulet of regeneration.
  2090 | D:3      | 2090 ||| DROPPING amulet of the acrobat.
  2091 | D:3      | 2091 ||| READING scroll labelled IKETUKUR HEEC.
  2098 | D:3      | Became a worshipper of Warmaster Okawaru
  2098 | D:3      | 2098 ||| PLANNING D:1-11
  2352 | D:3      | 2352 ||| DRINKING 3 murky ruby potions.
  2353 | D:3      | 2353 ||| READING 3 scrolls of identify.
  2353 | D:3      | 2353 ||| IDENTIFYING fuming yellow potion
  2354 | D:3      | 2354 ||| READING 2 scrolls of identify.
  2354 | D:3      | 2354 ||| IDENTIFYING fizzy golden potion
  2665 | D:4      | Found a snail-covered altar of Cheibriados.
  3043 | D:4      | 3043 ||| UPGRADING to +0 helmet.
  3048 | D:4      | 3048 ||| READING 2 scrolls of identify.
  3048 | D:4      | 3048 ||| IDENTIFYING golden potion
  3093 | D:5      | Entered Level 5 of the Dungeon
  3165 | D:5      | Reached skill level 7 in Ranged Weapons
  3268 | D:5      | Reached XP level 7. HP: 43/43 MP: 7/7
  3271 | D:5      | 3271 ||| FLEEEEING.
  3272 | D:5      | 3272 ||| FLEEEEING.
  3273 | D:5      | 3273 ||| FLEEEEING.
  3274 | D:5      | 3274 ||| FLEEEEING.
  3275 | D:5      | 3275 ||| FLEEEEING.
  3276 | D:5      | 3276 ||| FLEEEEING.
  3284 | D:5      | 3284 ||| DRINKING potion of curing.
  3284 | D:5      | 3284 ||| (to cure confusion)
  3350 | D:5      | Identified the +7 sling "qw's Doom" {heavy, *Slow rN+
                  | Dex+2}
  3510 | D:5      | HP: 10/43 [orc priest/nerve-wracking pain (4)]
  3511 | D:5      | 3511 ||| DRINKING potion of heal wounds.
  3512 | D:5      | Reached * piety under Okawaru
  3513 | D:5      | 3513 ||| INVOKING Heroism.
  3516 | D:5      | Reached skill level 8 in Ranged Weapons
  3590 | D:5      | 3590 ||| Stepping ~*~*~tactically~*~*~ (outnumbered).
  3609 | D:5      | Reached skill level 1 in Invocations
  3676 | D:5      | Found a stormy altar of Qazlal.
  3676 | D:5      | Found a glowing silver altar of Zin.
  3677 | D:5      | Found a broken altar of Ashenzari.
  3688 | D:5      | 3688 ||| INVOKING Heroism.
  3850 | D:5      | Reached XP level 8. HP: 49/49 MP: 9/9
  4006 | D:5      | Found a basalt altar of Yredelemnul.
  4022 | D:5      | Found a shadowy altar of Dithmenos.
  4039 | D:5      | 4039 ||| READING scroll labelled UTIABLUCUL.
  4054 | D:6      | 4054 ||| STAIRDANCE
  4083 | D:6      | Reached skill level 3 in Invocations
  4087 | D:6      | 4087 ||| Stepping ~*~*~tactically~*~*~ (outnumbered).
  4093 | D:6      | 4093 ||| INVOKING Heroism.
  4106 | D:6      | HP: 7/49 [wight/+0 halberd (12)]
  4106 | D:6      | Slain by an iguana

Levels and vault maps discovered:
D:1:      dpeg_arrival_triangle_fractal, layout_rooms,
          ebering_ecumenical_altar_hall
D:2:      layout_basic, serial_shops, shop
D:3:      layout_loops_corners, okawaru_trees_2, led_xom_imps
D:4:      layout_loops_ring, nicolae_overflow_crystal_walls,
          chequers_serial_rivers_marsh
D:5:      layout_loops_corners, general_overflow_altar, kennysheep_mini_moat,
          gammafunk_temple_overflow_claw, serial_glass, glass_columns_b,
          glass_columns_b
D:6:      layout_basic, tso_metal_star, serial_shops, shop_statue

Skill      XL: |  1  2  3  4  5  6  7  8 |
---------------+-------------------------+-----
Armour         | 1 2 |  2.4
Ranged Weapons | 5 6 7 8 |  8.4
Fighting       | 3 4 5 |  5.0
Invocations    | 2 3 |  3.8
Dodging        | 2 |  2.0
Stealth        | |  1.1

Action                     |  1- 3 |  4- 6 |  7- 9 || total
---------------------------+-------+-------+-------++-------
   Fire: Shortbow          |   113 |    60 |       ||   173
         Longbow           |       |    95 |   161 ||   256
 Invoke: Heroism           |       |       |     3 ||     3
    Use: Scroll            |     3 |    10 |     1 ||    14
         Potion            |     2 |     1 |     2 ||     5
 Armour: Leather armour    |     9 |       |       ||     9
         Ring mail         |     8 |    27 |   126 ||   161
  Dodge: Dodged            |    35 |    50 |   135 ||   220

Table legend:
 A = Non-vault XP
 B = Vault XP
 C = Vault XP percentage of total XP
 D = Non-vault monster count
 E = Vault monster count
 F = Vault count percentage of total count
                 A         B        C        D         E       F
            +---------+---------+-------+---------+---------+-------
      Total |    1474 |     196 |  11.7 |     107 |       4 |   3.6
            +---------+---------+-------+---------+---------+-------
        D:1 |      28 |       0 |   0.0 |      16 |       0 |   0.0
        D:2 |      79 |       0 |   0.0 |      21 |       0 |   0.0
        D:3 |      29 |     196 |  87.1 |       9 |       4 |  30.8
        D:4 |     190 |       0 |   0.0 |      23 |       0 |   0.0
        D:5 |     768 |       0 |   0.0 |      32 |       0 |   0.0
        D:6 |     380 |       0 |   0.0 |       6 |       0 |   0.0
            +---------+---------+-------+---------+---------+-------
